 Dungeon Crawl Stone Soup version 0.32-a0-834-geaf45d8e21 (webtiles) character file.

Game seed: 904887718967649820

1416723 ragingrage the Pyromancer (level 27, 258/258 HPs)
             Began as a Mountain Dwarf Alchemist on Mar 25, 2024.
             Was a High Priest of Ashenzari.
             Escaped with the Orb
             ... and 3 runes!
             The game lasted 03:17:33 (111668 turns).

ragingrage the Pyromancer (MDAl)                  Turns: 111668, Time: 03:17:34

Health: 258/258    AC: 45    Str: 12    XL:     27
Magic:  43/43      EV:  8    Int: 34    God:    Ashenzari [*****.]
Gold:   3753       SH: 16    Dex: 13    Spells: 5/58 levels left

rFire   + + .        a - staff of Valiance {rC+ Dex+4 Ice}
rCold   + + .        w - +2 kite shield "Restrained Secrets" {reflect, Self, Melee} (curse)
rNeg    . . .        h - +6 gold dragon scales "Restrained Regret" {rPois rF+ rC+, Elem, Fort} (curse)
rPois   +            v - +2 helmet "Ordeal of Ashenzari" {Sorc, Fort} (curse)
rElec   +            O - +2 cloak "Stellar Stickiness" {Self, Fort} (curse)
rCorr   +            H - +2 pair of gloves of Cremastomancy {Self, Elem} (curse)
SInv    +            e - +5 pair of boots of Ashenzari's Vision {rCorr Str+4, Elem, Sorc} (curse)
Will    ++...        L - amulet "Omniscient Discomfort" {rElec Regen+ RegenMP+ Str-4, Sorc, Self} (curse) Stlth
                     b - ring "At What Cost Knowledge?" {EV+5, Sorc, Elem} (curse)
HPRegen 1.43/turn    f - ring of Generosity {rPois rF+ Int+2}
MPRegen 0.68/turn

%: reflection, clarity
@: no status effects
A: runic magic, artefact enchanting, iridescent scales 1, clever 1, deformed
body, screaming 2, subdued magic 2, persistent drain
0: Orb of Zot
}: 3/15 runes: serpentine, barnacled, slimy
a: Renounce Religion, Curse Item, Shatter the Chains


You escaped.
You worshipped Ashenzari.
Ashenzari was extremely pleased with you.
You visited 11 branches of the dungeon, and saw 53 of its levels.
You visited 1 bazaar.
You also visited: Trove.

You collected 8064 gold pieces.
You spent 4311 gold pieces at shops.

Inventory:

Hand Weapons
 I - the +8 falchion of the Whale {spect, rC++ Int-5}
   (You found it on level 1 of the Realm of Zot)

   Int-5:     It affects your intelligence (-5).
   rC++:      It greatly protects you from cold.
 S - a +2 demon trident of electrocution
Missiles
 U - 5 curare-tipped darts
 Z - 4 throwing nets
Armour
 e - the cursed +5 pair of boots of Ashenzari's Vision (worn) {rCorr Str+4, Elem, Sorc}
   (You acquired it on level 2 of the Orcish Mines)

   Str+4:     It affects your strength (+4).
   rCorr:     It protects you from acid and corrosion.
   It has a curse which improves the following skills: Elements: Fire Magic, Ice
   Magic, Air Magic and Earth Magic.
   Sorcery:   Conjurations and Alchemy.
 h - the cursed +6 gold dragon scales "Restrained Regret" (worn) {rPois rF+ rC+, Elem, Fort}
   (You took it off Parghit on level 4 of the Depths)

   rF+:       It protects you from fire.
   rC+:       It protects you from cold.
   rPois:     It protects you from poison.
   It has a curse which improves the following skills: Elements: Fire Magic, Ice
   Magic, Air Magic and Earth Magic.
   Fortitude: Armour and Shields.
 v - the cursed +2 helmet "Ordeal of Ashenzari" (worn) {Sorc, Fort}
   (You found it on level 4 of the Dungeon)

   It has a curse which improves the following skills: Sorcery: Conjurations and
   Alchemy.
   Fortitude: Armour and Shields.
 w - the cursed +2 kite shield "Restrained Secrets" (worn) {reflect, Self, Melee}
   (You took it off a naga warrior on level 3 of the Snake Pit)

   It has a curse which improves the following skills: Introspection: Fighting
   and Spellcasting.
   Melee Combat: Short Blades, Long Blades, Axes, Maces & Flails, Polearms,
   Staves and Unarmed Combat.
 H - the cursed +2 pair of gloves of Cremastomancy (worn) {Self, Elem}
   (You found it on level 8 of the Dungeon)

   It has a curse which improves the following skills: Introspection: Fighting
   and Spellcasting.
   Elements:  Fire Magic, Ice Magic, Air Magic and Earth Magic.
 O - the cursed +2 cloak "Stellar Stickiness" (worn) {Self, Fort}
   (You found it on level 11 of the Dungeon)

   It has a curse which improves the following skills: Introspection: Fighting
   and Spellcasting.
   Fortitude: Armour and Shields.
Magical Staves
 a - the staff of Valiance (weapon) {rC+ Dex+4 Ice}
   (You found it on level 3 of the Elven Halls)

   [staff of cold]

   Base accuracy: +5 Base damage: 5 Base attack delay: 1.2 This weapon's minimum
   attack delay (0.6) is reached at skill level 12.
   Dex+4:     It affects your dexterity (+4).
   rC+:       It protects you from cold.
   Ice:       It increases the power of your Ice spells.
   It falls into the 'Staves' category.
   It is a one-handed weapon.
Jewellery
 b - the cursed ring "At What Cost Knowledge?" (left hand) {EV+5, Sorc, Elem}
   (You took it off a salamander on level 1 of the Snake Pit)

   [ring of evasion]

   EV+5:      It affects your evasion (+5).
   It has a curse which improves the following skills: Sorcery: Conjurations and
   Alchemy.
   Elements:  Fire Magic, Ice Magic, Air Magic and Earth Magic.
 f - the ring of Generosity (right hand) {rPois rF+ Int+2}
   (You bought it in a shop on level 3 of the Elven Halls)

   [ring of protection from fire]

   Int+2:     It affects your intelligence (+2).
   rF+:       It protects you from fire.
   rPois:     It protects you from poison.
 J - a +4 ring of protection
 L - the cursed amulet "Omniscient Discomfort" (around neck) {rElec Regen+ RegenMP+ Str-4, Sorc, Self}
   (You took it off a deep elf zephyrmancer on level 3 of the Elven Halls)

   [amulet of magic regeneration]

   It increases your rate of magic regeneration.
   Str-4:     It affects your strength (-4).
   rElec:     It insulates you from electricity.
   Regen+:    It increases your rate of health regeneration.
   RegenMP+:  It increases your rate of magic regeneration.
   It has a curse which improves the following skills: Sorcery: Conjurations and
   Alchemy.
   Introspection: Fighting and Spellcasting.
Wands
 s - a wand of acid (6)
 x - a wand of charming (31)
 A - a wand of digging (20)
 F - a wand of iceblast (40)
 R - a wand of mindburst (34)
Scrolls
 i - 10 scrolls of noise
 j - 2 scrolls of enchant armour
 m - 10 scrolls of poison
 o - 19 scrolls of teleportation
 p - 11 scrolls of fog
 r - a scroll of enchant weapon
 t - 2 scrolls of silence
 y - 9 scrolls of fear
 B - 15 scrolls of immolation
 C - 6 scrolls of blinking
 N - 2 scrolls of vulnerability
 Q - 2 scrolls of revelation
 V - 5 scrolls of butterflies
Potions
 c - 7 potions of might
 g - 13 potions of curing
 n - 9 potions of mutation
 q - 6 potions of resistance
 u - 6 potions of attraction
 z - 7 potions of brilliance
 D - 3 potions of ambrosia
 E - 7 potions of enlightenment
 G - 2 potions of haste
 M - 3 potions of cancellation
 P - 2 potions of magic
 T - 3 potions of invisibility
 W - 9 potions of heal wounds
 Y - 4 potions of berserk rage
Miscellaneous
 d - a phantom mirror
 k - a lightning rod (4/4)
 l - a box of beasts
 K - a phial of floods
 X - a condenser vane


   Skills:
 - Level 18.2(23.0) Fighting
 - Level 0.3(1.0) Short Blades
 - Level 2.5(5.4) Polearms
 - Level 5.6(8.0) Staves
 - Level 18.0(22.0) Armour
 + Level 5.4 Dodging
 - Level 3.0 Stealth
 - Level 14.9(19.0) Shields
 - Level 11.0(16.0) Spellcasting
 - Level 20.3(25.0) Conjurations
 - Level 15.0 Summonings
 - Level 22.4(27) Fire Magic
 - Level 9.0(14.0) Ice Magic
 - Level 3.0(7.0) Air Magic
 - Level 12.0(17.0) Earth Magic
 - Level 9.1(14.1) Alchemy
 - Level 19.6 Evocations


You had 5 spell levels left.
You knew the following spells:

 Your Spells              Type           Power      Damage    Failure   Level
a - Spellforged Servitor  Conj/Summ      40%        N/A       1%          7
b - Animate Armour        Summ/Erth      100%       N/A       1%          4
c - Summon Cactus Giant   Summ           34%        N/A       1%          6
d - Bombard               Conj/Erth      41%        9d7       1%          6
e - Fire Storm            Conj/Fire      45%        8d12      12%         9
f - Irradiate             Conj/Alch      39%        3d24      0%          5
g - Ignition              Fire           46%        3d13      1%          8
h - Blink                 Tloc           34%        N/A       7%          2
k - Permafrost Eruption   Ice/Erth       45%        2x4d13    1%          6

Your spell library contained the following spells:

 Spells                   Type           Power      Damage    Failure   Level
 Foxfire                  Conj/Fire      100%       2x1d9     0%          1
 Freeze                   Ice            100%       1d10      0%          1
 Magic Dart               Conj           100%       1d8       0%          1
 Sting                    Conj/Alch      100%       1d9       0%          1
 Summon Small Mammal      Summ           100%       N/A       0%          1
 Call Imp                 Summ           100%       N/A       0%          2
 Scorch                   Fire           100%       2d9       0%          2
 Searing Ray              Conj           100%       2d8       0%          2
 Static Discharge         Conj/Air       100%       3-8/arc   0%          2
 Call Canine Familiar     Summ           69%        N/A       0%          3
 Frozen Ramparts          Ice            100%       1d16      0%          3
 Hailstorm                Conj/Ice       99%        3d16      0%          3
 Mephitic Cloud           Conj/Alch/Air  70%        N/A       0%          3
 Ozocubu's Armour         Ice            86%        N/A       0%          3
 Passwall                 Erth           73%        N/A       0%          3
 Stone Arrow              Conj/Erth      100%       3d13      0%          3
 Summon Ice Beast         Ice/Summ       87%        N/A       0%          3
 Flame Wave               Conj/Fire      91%        2d19      0%          4
 Fulminant Prism          Conj/Alch      39%        3d17      0%          4
 Sticky Flame             Fire/Alch      81%        2d13      0%          4
 Summon Blazeheart Golem  Fire/Summ      82%        N/A       0%          4
 Fireball                 Conj/Fire      45%        3d18      0%          5
 Iskenderun's Battlesphe  Conj           89%        2d14      0%          5
 Cigotuvi's Dreadful Rot  Necr/Alch/Air  94%        N/A       1%          2
 Mercury Vapours          Alch/Air       100%       N/A       1%          2
 Dazzling Flash           Conj/Hex       100%       N/A       1%          3
 Inner Flame              Hex/Fire       65%        N/A       1%          3
 Volatile Blastmotes      Fire/Tloc      100%       2d18      1%          3
 Airstrike                Air            23%        2d(4-20)  1%          4
 Iskenderun's Mystic Bla  Conj/Tloc      63%        2d13      1%          4
 Martyr's Knell           Necr/Summ      49%        N/A       1%          4
 Olgreb's Toxic Radiance  Alch           67%        N/A       1%          4
 Petrify                  Alch/Erth      70%        N/A       1%          4
 Summon Lightning Spire   Summ/Air       59%        N/A       1%          4
 Arcjolt                  Conj/Air       35%        1d45      1%          5
 Lee's Rapid Deconstruct  Erth           36%        3d18*     1%          5
 Apportation              Tloc           34%        N/A       4%          1
 Necrotise                Necr           68%        1d7       4%          1
 Slow                     Hex            68%        N/A       4%          1
 Summon Forest            Summ/Tloc      24%        N/A       5%          5
 Jinxbite                 Hex            34%        N/A       7%          2
 Lesser Beckoning         Tloc           34%        N/A       7%          2
 Sublimation of Blood     Necr           17%        N/A       7%          2
 Metabolic Englaciation   Hex/Ice        31%        N/A       7%          5
 Yara's Violent Unravell  Hex/Alch       23%        3d10      7%          5
 Vhi's Electric Charge    Tloc/Air       64%        N/A       12%         4
 Confusing Touch          Hex            17%        N/A       16%         3
 Gell's Gravitas          Tloc           17%        N/A       16%         3
 Sigil of Binding         Hex            17%        N/A       16%         3
 Vampiric Draining        Necr           17%        2d7       16%         3
 Anguish                  Hex/Necr       8%         N/A       47%         4
 Cause Fear               Hex            8%         N/A       47%         4
 Dimensional Bullseye     Hex/Tloc       8%         N/A       47%         4
 Dispel Undead            Necr           17%        3d10      47%         4
 Passage of Golubria      Tloc           17%        N/A       47%         4
 Starburst                Conj/Fire      45%        6d13      0%          6
 Eringya's Noxious Bog    Alch           33%        4d6       1%          6
 Plasma Beam              Fire/Air       36%        2x1d50    1%          6
 Sculpt Simulacrum        Ice/Alch       43%        N/A       1%          6
 Orb of Destruction       Conj           44%        9d12      1%          7
 Lehudib's Crystal Spear  Conj/Erth      41%        10d10     5%          8
 Monstrous Menagerie      Summ           34%        N/A       9%          7
 Summon Hydra             Summ           34%        N/A       9%          7
 Ozocubu's Refrigeration  Ice            43%        4d17      13%         7
 Haunt                    Necr/Summ      24%        N/A       92%         7
 Death Channel            Necr           8%         N/A       100%        6
 Enfeeble                 Hex            8%         N/A       100%        7
 Borgnjor's Revivificati  Necr           8%         N/A       100%        8
 Discord                  Hex            8%         N/A       100%        8
 Maxwell's Capacitive Co  Air            23%        ∞         100%        8
 Death's Door             Necr           8%         N/A       100%        9
 Dragon's Call            Summ           34%        N/A       100%        9
 Polar Vortex             Ice            43%        12d5*     100%        9


Dungeon Overview and Level Annotations

Branches:
Dungeon (15/15)            Temple (1/1) D:6            Lair (5/5) D:8
 Shoals (4/4) Lair:2        Snake (4/4) Lair:2        Slime (5/5) Lair:4
    Orc (2/2) D:10            Elf (3/3) Orc:2        Vaults (5/5) D:14
  Crypt (0/3) Vaults:2     Depths (4/4) D:15            Zot (5/5) Depths:4

Altars:
Ashenzari
Cheibriados
Dithmenos
Elyvilon
Fedhas
Gozag
Hepliaklqana
Kikubaaqudgha
Makhleb
Nemelex Xobeh
Okawaru
Qazlal
Ru
Sif Muna
Trog
Uskayaw
Vehumet
Wu Jian
Xom
Yredelemnul
Zin
The Shining One
Jiyva

Shops:
D:7 (?*?   D:8 :   D:12 !   Orc:2 ?[(?[[   Elf:2 *   Elf:3 *==   Shoals:1 *
Shoals:2 *   Shoals:4 ?=*(   Snake:3 =*?   Vaults:2 :   Vaults:4 ?*
Depths:4 !

Portals:
Hell: Depths:1 Depths:2 Depths:3 Depths:4
Abyss: Depths:2 Depths:3
Pandemonium: Depths:2 Depths:3
Ziggurat: Depths:1

Annotations:
D:2 Sigmund
D:9 exclusion: sensed monster (detected)
D:12 exclusion: downstairs
D:13 exclusion: upstairs
Lair:3 exclusions: downstairs and hydra
Lair:4 exclusion: downstairs
Lair:5 exclusions: entropy weaver, ugly thing and 3 more exclusions
Shoals:3 1 runed translucent door, Zays's ghost, adept GrEE
Snake:4 2 transporters, 910rd's ghost, adept DrWn
Slime:4 exclusion: downstairs
Elf:2 3 runed translucent doors
Vaults:4 exclusion: downstairs
Vaults:5 Margery
Depths:3 exclusion: door


Innate Abilities, Weirdness & Mutations

Your spellcasting is much less encumbered by armour.
You can use scrolls of enchantment on lesser artefacts.
You are partially covered in iridescent scales. (AC +2)
Your mind is acute. (Int +4, Str/Dex -1)
Armour fits poorly on your strangely shaped body.
You frequently scream uncontrollably at your foes.
Your spells are easier to cast, but less powerful.
Your health recovers twice as slowly from being drained.


Message History

The piercing cold hits your animated gold dragon scales!!!
Your animated gold dragon scales disappears in a puff of smoke!
Unknown command.
Casting: Permafrost Eruption (mildly dangerous; 1% risk of failure)
Press: ? - help, Q - select action, (/) - cycle Dir - look around, f - activate You feel a surge of power!
Bitter cold erupts, blasting rock from the ceiling!
The mass of rock hits the hellion!!
Piercing cold boils outward!
The piercing cold hits the hellion!!
You kill the hellion!
Casting: Permafrost Eruption (mildly dangerous; 1% risk of failure)
Press: ? - help, Q - select action, (/) - cycle Dir - look around, f - activate You feel a surge of power!
Nothing appears to happen.
Unknown command.
(D) Dungeon (T) Temple (L) Lair (A) Shoals (P) Snake Pit (M) Slime Pits (O) Orcish Mines (E) Elven Halls (V) Vaults (C) Crypt (U) Depths (H) Hell (Z) Zot
Where to? (Tab/Enter - D:1 @ (x,y), ? - help)
What level of the Dungeon? (default 1, ? - help)
You see here a hound skeleton.
There is a stone staircase leading up here.
You climb upwards.
Your summoned ally is left behind.
There is a stone staircase leading down here.
There is an escape hatch in the ceiling here.
A mysterious force pulls you upwards. The hatch slams shut behind you.
Level annotation: Sigmund
Things that are here:
a +0 dagger; a goblin skeleton You see here an adder skeleton.
There is a stone staircase leading up here.
You climb upwards.
There is a stone staircase leading down here.
You see here a ball python skeleton.
You see here a frilled lizard skeleton.
There is an open gate here.
Things that are here:
a +0 dagger; a goblin skeleton
There is a staircase leading out of the dungeon here.
You have escaped!

..........##..............~~P~~~≈
....................###...~~~P~≈≈
..........##....###.###....~~P≈≈≈
.P........##.>.####.#.....~P~~~≈≈
~............#...........~P~~~P≈≈
PP..............###.##....~~~~~≈≈
~............#######......~~~~~~P
.............#.....##....P~~~PP~~
.............#..@..##.#..######♣♣
.............#.....##.#..#
.............###.####...##
##..........÷..)''.....##
#...........#########..#
..#.........#..÷[...#.##
...#.#......#÷≈≈X≈≈.#.#
~..#^#......#.≈≈≈≈≈.#.#
÷P.#_#......#.≈X≈≈≈.#.#


You could see a neutral kraken (wandering).

Vanquished Creatures
  Dissolution (Slime:5)
  the Royal Jelly (Slime:5)
  2 orbs of fire
  3 dread liches
  Frederick (Depths:4)
  An ancient lich (Zot:5)
  5 Killer Klowns (Zot:5)
  2 caustic shrikes
  5 golden dragons
  2 electric golems
  A hellephant (Vaults:4)
  A Tzitzimitl (D:10)
  Jorgrun (Orc:2)
  An Ice Fiend (D:6)
  17 Orb Guardians
  A walking crystal tome (Depths:3)
  4 titans
  2 liches (Depths:3)
  A pandemonium lord (Depths:2)
  A deep elf blademaster (Elf:3)
  3 quicksilver dragons
  A deep elf master archer (Elf:3)
  5 tentacled monstrosities
  3 death cobs
  2 sphinxes
  An Executioner (D:12)
  2 krakens
  13 acid blobs
  3 storm dragons (Zot:3)
  Kirke (D:15)
  A tengu reaver (Vaults:4)
  3 shadow dragons
  Agnes (D:14)
  A daeva (Depths:2)
  6 draconian knights
  10 azure jellies
  3 deep elf sorcerers
  Ilsuiw (Shoals:4)
  4 protean progenitors
  7 fire giants
  5 draconian monks
  5 rockslimes
  A frost giant (Depths:2)
  6 draconian shifters
  5 deep elf elementalists
  2 draconian scorchers
  7 vault wardens
  Louise (Shoals:1)
  5 draconian stormcallers
  9 stone giants
  A reaper (Depths:3)
  4 draconian annihilators
  3 formless jellyfish
  A spriggan defender (Depths:2)
  A very ugly thing (Depths:2)
  6 ironbound preservers
  7 quicksilver oozes
  6 deep elf death magi
  4 green draconians
  6 ironbound thunderhulks
  A vampire knight (Depths:2)
  8 yellow draconians
  2 war gargoyles (Vaults:4)
  5 black draconians
  5 purple draconians
  A putrid mouth (Depths:4)
  5 deep elf annihilators
  A dire elephant (Vaults:1)
  A lorocyproca (Zot:1)
  4 spark wasps
  7 ettins
  6 white draconians
  8 red draconians
  A merfolk impaler (Shoals:4)
  6 merfolk javelineers
  Josephine (D:15)
  9 fire dragons
  A crystal guardian (Vaults:4)
  10 yaktaur captains
  4 entropy weavers
  7 deep elf high priests
  A rakshasa (Depths:2)
  5 great orbs of eyes
  7 hydras
  An ogre mage (D:15)
  A salamander tyrant (Snake:3)
  6 ice dragons
  30 vault guards
  2 spriggan air magi
  15 centaur warriors
  4 ironbound frosthearts
  3 boulder beetles
  2 jorogumos (Zot:3)
  7 anacondas
  2 alligators (Shoals:3)
  A merfolk aquamancer (Shoals:4)
  An alligator snapping turtle (Shoals:3)
  2 peacekeepers
  2 dancing weapons (Elf:3)
  3 merfolk avatars
  4 satyrs (Shoals:4)
  5 two-headed ogres
  An occultist (Depths:2)
  A vampire mage (Depths:2)
  4 death yaks (Lair:4)
  3 tengu warriors (Depths:1)
  5 orc high priests (Orc:2)
  A hell hog (Depths:3)
  11 naga warriors
  9 deep troll earth magi
  9 naga sharpshooters
  2 shock serpents
  7 deep elf knights
  6 hell knights (Vaults:4)
  4 spriggan berserkers
  A salamander mystic (Depths:3)
  A soul eater (Depths:3)
  Amaemon (Lair:2)
  4 iron trolls
  4 skeletal warriors
  14 sea snakes
  4 glowing orange brains
  6 skysharks
  6 naga ritualists
  52 deep trolls
  6 deep elf archers
  6 arcanists
  4 flayed ghosts
  6 mana vipers
  2 necromancers
  A thermic dynamo (Elf:1)
  6 lindwurms
  3 phantasmal warriors
  Pikel (D:5)
  18 ironbound convokers
  A swamp dragon (shapeshifter) (Depths:2)
  An obsidian bat (Orc:2)
  19 deep elf zephyrmancers
  11 orc knights (Orc:2)
  2 oklob plants
  14 deep elf pyromancers
  7 cyclopes
  27 harpies
  A fire giant zombie (Depths:2)
  2 shining eyes
  An orc sorcerer (Orc:2)
  A tengu skeleton (Depths:2)
  2 wolf spiders
  33 fauns
  43 ugly things
  A faun (shapeshifter) (Elf:2)
  16 manticores
  10 salamanders
  19 black mambas
  A guardian serpent (Snake:2)
  A guardian serpent (shapeshifter) (Vaults:5)
  21 moths of wrath
  19 elephants
  An eye of devastation (Slime:5)
  6 merfolk sirens
  An eye of devastation (shapeshifter) (Depths:2)
  A black mamba (shapeshifter) (Vaults:4)
  3 gargoyles
  5 naga magi
  6 water nymphs
  4 kobold blastminers (Orc:2)
  An orange demon (Lair:2)
  10 vault sentinels
  A smoke demon (Depths:3)
  2 unseen horrors (D:12)
  An unseen horror (shapeshifter) (Elf:2)
  5 rime drakes
  A freezing wraith (Vaults:4)
  An efreet (D:13)
  A hellion (D:4)
  8 cane toads
  16 yaktaurs
  5 tengu conjurers
  6 komodo dragons
  A troll (D:11)
  21 merfolk
  2 hornets
  Grinder (D:3)
  2 glass eyes
  A tarantella (shapeshifter) (D:15)
  17 blink frogs
  6 wind drakes
  A tarantella (Vaults:3)
  Prince Ribbit (D:6)
  A hornet (shapeshifter) (D:15)
  A blink frog (shapeshifter) (D:13)
  A snapping turtle (shapeshifter) (D:13)
  21 dream sheep
  78 slime creatures
  8 snapping turtles
  A centaur simulacrum (D:15)
  A shadow (D:12)
  2 air elementals (Elf:2)
  24 yaks
  A culicivora (Vaults:3)
  5 wraiths
  25 water elementals
  9 wyverns
  2 fire elementals
  A basilisk (shapeshifter) (Vaults:5)
  4 fire bats (Lair:1)
  A basilisk (Lair:4)
  4 wargs
  2 humans (D:15)
  A golden eye (Slime:5)
  A neqoxec (D:11)
  Menkaure (D:5)
  3 steam dragons
  3 vampire mosquitoes (D:13)
  21 nagas
  5 redbacks
  3 acid dragons
  7 water moccasins
  30 orc warriors
  3 nameless horrors
  A glowing shapeshifter skeleton (Depths:2)
  2 laughing skulls (D:13)
  2 black bears (D:7)
  4 boggarts (Vaults:2)
  12 centaurs
  3 wolves (Lair:3)
  7 ogres
  2 lemures (D:5)
  3 kobold brigands
  2 gnoll sergeants
  15 bullfrogs
  2 cane toad simulacra (D:13)
  2 scorpions (D:5)
  A small abomination (Lair:5)
  10 wights
  An elephant simulacrum (D:13)
  A killer bee (D:7)
  6 howler monkeys
  2 electric eels (Lair:1)
  2 bombardier beetles
  4 hounds
  25 orc priests
  13 jellies
  Terence (D:2)
  4 sleepcaps
  8 iguanas
  14 orc wizards
  Ijyb (D:3)
  10 hell rats
  A troll simulacrum (D:13)
  2 wolf simulacra (D:13)
  7 gnolls
  12 adders
  2 naga simulacra (D:13)
  3 white imps
  3 ufetubi
  2 ribbon worms
  63 orcs
  7 ball pythons
  3 endoplasms
  A giant cockroach (D:3)
  10 goblins
  6 hobgoblins
  9 quokkas
  2 bats (D:1)
  4 frilled lizards (D:1)
  22 kobolds
  3 rats
  18 tentacles
1616 creatures vanquished.

Vanquished Creatures (collateral kills)
  A dread lich (Vaults:4)
  2 ancient liches (Zot:5)
  2 orbs of fire (Zot:5)
  Parghit (Depths:4)
  Vv (Depths:2)
  5 Killer Klowns
  Vashnia (Snake:4)
  Bai Suzhen (Elf:3)
  Boris (twice) (Vaults:3 Vaults:4)
  Saint Roka (Snake:4)
  2 caustic shrikes
  A curse toe (Zot:3)
  3 golden dragons
  2 bone dragons
  5 electric golems
  Norris (Elf:3)
  2 doom hounds (Depths:4)
  7 tentacled monstrosities
  3 liches
  Grunn (Depths:4)
  13 Orb Guardians
  7 titans (Zot:3)
  4 acid blobs
  A sphinx (Vaults:4)
  A quicksilver dragon (Zot:3)
  2 death cobs (Zot:3)
  8 storm dragons
  Aizul (Snake:4)
  A nagaraja (Snake:4)
  3 shadow dragons
  A tengu reaver (Vaults:2)
  3 draconian monks
  An iron dragon (Depths:3)
  6 rockslimes
  3 draconian scorchers
  3 azure jellies (Slime:5)
  2 deep elf elementalists (Elf:3)
  3 draconian knights
  5 deep elf sorcerers (Elf:3)
  3 vault wardens
  4 draconian shifters
  3 fire giants
  2 frost giants (Depths:2)
  16 ironbound preservers
  2 draconian stormcallers
  A spriggan defender (Depths:3)
  4 stone giants
  3 very ugly things (Depths:2)
  A cacodemon (Zot:5)
  4 draconian annihilators
  5 formless jellyfish
  2 reapers (Depths:4)
  A quicksilver ooze (Slime:4)
  5 green draconians
  2 deep elf demonologists (Elf:3)
  2 deep elf death magi
  6 black draconians
  9 dire elephants
  3 red draconians
  8 purple draconians
  7 white draconians
  2 yellow draconians
  3 ettins
  2 fire dragons
  3 entropy weavers
  2 deep elf high priests
  2 yaktaur captains
  A rakshasa (Depths:3)
  A salamander tyrant (Snake:4)
  3 ironbound frosthearts (Vaults:3)
  7 great orbs of eyes
  An ice dragon (Depths:2)
  2 peacekeepers
  A spriggan air mage (Depths:4)
  2 boulder beetles (Vaults:1)
  7 anacondas
  9 dancing weapons
  2 deep troll shamans (Depths:4)
  A death knight (Vaults:2)
  An occultist (Depths:3)
  A deep troll earth mage (Depths:3)
  3 shock serpents (Snake:4)
  A tengu warrior (Depths:2)
  6 naga sharpshooters (Snake:4)
  A hell knight (Vaults:4)
  12 naga warriors
  A soul eater (Depths:2)
  2 skysharks (Elf:3)
  4 iron trolls
  A large abomination (Depths:2)
  6 salamander mystics
  26 deep trolls
  6 mana vipers
  3 naga ritualists (Snake:4)
  5 ironbound convokers
  3 arcanists
  3 steelbarb worms (Zot:2)
  A flayed ghost (Depths:2)
  4 thermic dynamos
  A lindwurm (Vaults:4)
  A harpy (Vaults:1)
  4 deep elf zephyrmancers
  3 ugly things
  3 deep elf pyromancers
  A shining eye (Slime:4)
  13 salamanders
  8 moths of wrath
  7 guardian serpents
  5 vault sentinels
  15 black mambas
  2 water nymphs (Zot:2)
  5 naga magi
  A rust devil (Depths:2)
  A freezing wraith (Vaults:2)
  4 nameless horrors
  16 slime creatures
  An air elemental (Elf:2)
  3 small abominations (Lair:5)
  A water elemental (Elf:2)
  5 fire elementals
  A redback (shapeshifter) (Depths:3)
  25 nagas
  A hell hound (D:7)
  A laughing skull (Vaults:2)
  A boggart (Vaults:2)
  3 earth elementals
478 creatures vanquished.

Vanquished Creatures (others)
  A golden dragon (Depths:3)
  2 draconian knights
  A ghoul (D:1)
  An occultist (Depths:2)
  A shock serpent (Snake:2)
  The ghost of smashvw the Magician, a novice DrAE of Vehumet (D:7)
  2 manticores
  A deep elf pyromancer (D:15)
  A salamander (shapeshifter) (Lair:5)
  An octopode (D:1)
  2 armataurs (D:1)
  A gargoyle (D:1)
  A vine stalker (D:1)
  A tengu conjurer (D:15)
  2 merfolk (D:1)
  3 trolls (D:1)
  A vampire (D:1)
  A human (D:15)
  A gnoll (D:1)
  2 goblins (D:1)
  26 tentacles
53 creatures vanquished.

Grand Total: 2147 creatures vanquished

Notes
Turn   | Place    | Note
-------+----------+-------------------------------------------
     0 | D:1      | ragingrage the Mountain Dwarf Alchemist began the quest for
                  | the Orb.
     0 | D:1      | Reached XP level 1. HP: 14/14 MP: 3/3
     2 | D:1      | Noticed a vine stalker
     2 | D:1      | Noticed an octopode
     2 | D:1      | Noticed a vampire
     2 | D:1      | Noticed an armataur
     2 | D:1      | Noticed a troll
     2 | D:1      | Noticed a ghoul
     2 | D:1      | Noticed a kraken
     2 | D:1      | Noticed a troll
     2 | D:1      | Noticed an armataur
     2 | D:1      | Noticed a gargoyle
     2 | D:1      | Noticed a merfolk
     2 | D:1      | Noticed a troll
     2 | D:1      | Noticed a merfolk
     3 | D:1      | Killed a troll
     5 | D:1      | Killed a merfolk
     6 | D:1      | Killed a vampire
     7 | D:1      | Killed a merfolk
     7 | D:1      | Killed a gargoyle
     9 | D:1      | Killed an armataur
    10 | D:1      | Killed an octopode
    11 | D:1      | Killed an armataur
    11 | D:1      | Killed a vine stalker
    11 | D:1      | Killed a troll
    14 | D:1      | Killed a ghoul
    15 | D:1      | Killed a troll
    17 | D:1      | Reached skill level 1 in Conjurations
    55 | D:1      | Found a faded altar of an unknown god.
   127 | D:1      | Prayed at the altar of an unknown god.
   127 | D:1      | Became a worshipper of Ashenzari the Shackled
   252 | D:1      | Reached XP level 2. HP: 21/22 MP: 0/5
   884 | D:1      | Reached * piety under Ashenzari
  1147 | D:2      | Noticed Sigmund
  1542 | D:2      | Found a radiant altar of Vehumet.
  1653 | D:2      | Reached XP level 3. HP: 28/28 MP: 0/6
  1713 | D:2      | Learned a level 3 spell: Mephitic Cloud
  1738 | D:2      | Noticed Terence
  1755 | D:2      | Killed Terence
  2192 | D:3      | Reached XP level 4. HP: 33/35 MP: 1/7
  2409 | D:3      | Reached skill level 1 in Air Magic
  2462 | D:3      | Noticed Grinder
  2768 | D:3      | Paralysed by Grinder for 2 turns
  2774 | D:3      | Paralysed by Grinder for 2 turns
  2786 | D:3      | Killed Grinder
  2787 | D:3      | Reached XP level 5. HP: 33/40 MP: 3/8
  2787 | D:3      | Reached XP level 6. HP: 39/47 MP: 3/9
  2793 | D:3      | Learned a level 2 spell: Scorch
  3150 | D:3      | Noticed Ijyb
  3169 | D:3      | Killed Ijyb
  3979 | D:4      | Reached skill level 1 in Fire Magic
  4550 | D:4      | Learned a level 4 spell: Sticky Flame
  4567 | D:4      | Reached XP level 7. HP: 47/52 MP: 4/11
  4643 | D:4      | Reached skill level 2 in Fire Magic
  5760 | D:5      | Entered Level 5 of the Dungeon
  5770 | D:5      | Reached skill level 3 in Fire Magic
  6130 | D:5      | Reached skill level 5 in Alchemy
  6135 | D:5      | Reached skill level 1 in Fighting
  6509 | D:5      | Reached skill level 4 in Fire Magic
  6579 | D:5      | Noticed Menkaure
  6587 | D:5      | Killed Menkaure
  6588 | D:5      | Reached XP level 8. HP: 55/63 MP: 5/12
  7389 | D:5      | Reached skill level 5 in Fire Magic
  7604 | D:5      | Found an ornate altar of the Wu Jian Council.
  7610 | D:5      | Noticed Pikel
  7644 | D:5      | Killed Pikel
  7645 | D:5      | Reached skill level 7 in Fire Magic
  7645 | D:5      | Reached skill level 1 in Evocations
  7776 | D:5      | Reached ** piety under Ashenzari
  7999 | D:5      | Identified the +4 rapier "Pexaecw" {heavy, rN+ Str+4}
  8361 | D:6      | Reached XP level 9. HP: 59/71 MP: 3/16
  8832 | D:6      | Noticed a gargoyle
  8839 | D:6      | Killed a gargoyle
  8840 | D:6      | Reached skill level 8 in Fire Magic
  8840 | D:6      | Reached skill level 5 in Fighting
  9010 | D:6      | Noticed Prince Ribbit
  9021 | D:6      | Reached skill level 1 in Armour
  9036 | D:6      | Killed Prince Ribbit
  9441 | D:6      | Learned a level 4 spell: Olgreb's Toxic Radiance
  9443 | D:6      | Found a staircase to the Ecumenical Temple.
  9450 | Temple   | Entered the Ecumenical Temple
  9472 | D:6      | Found a white marble altar of Elyvilon.
  9472 | D:6      | Found a glowing silver altar of Zin.
  9472 | D:6      | Found a glowing golden altar of the Shining One.
 10058 | D:7      | Found Jitoguj's Magic Scroll Emporium.
 10064 | D:7      | Bought a scroll of blinking for 105 gold pieces
 10064 | D:7      | Bought a scroll of fear for 56 gold pieces
 10076 | D:7      | Noticed an oklob plant
 10084 | D:7      | Found Ipuwuv's Magic Scroll Shop.
 10093 | D:7      | Bought a scroll of blinking for 82 gold pieces
 10093 | D:7      | Bought a scroll of teleportation for 33 gold pieces
 10100 | D:7      | Found a transporter.
 10108 | D:7      | Reached skill level 9 in Fire Magic
 10202 | D:7      | Noticed smashvw's ghost (novice DrAE)
 10221 | D:7      | Noticed a deep elf pyromancer
 10357 | D:7      | Found Mesch's Antique Weapon Shop.
 10836 | D:7      | Found a transporter.
 10842 | D:7      | Found a basalt altar of Yredelemnul.
 10890 | D:7      | Found Rylav's Assorted Antiques.
 10899 | D:7      | Bought a yellow potion for 22 gold pieces
 11179 | D:8      | Reached *** piety under Ashenzari
 11271 | D:8      | Reached XP level 10. HP: 80/88 MP: 4/17
 11635 | D:8      | Found Leiree Zize's Self-Published Books.
 11786 | D:8      | Found a staircase to the Lair.
 12235 | D:8      | Found an ancient bone altar of Kikubaaqudgha.
 12235 | D:8      | Found a stormy altar of Qazlal.
 12345 | D:8      | Reached **** piety under Ashenzari
 13542 | D:9      | Reached skill level 5 in Conjurations
 13886 | D:8      | Bought Sykaiblus's Grimoire of Modern Magic, Vol. 16 for
                  | 240 gold pieces
 13892 | D:8      | Learned a level 5 spell: Irradiate
 13911 | D:10     | Entered Level 10 of the Dungeon
 13981 | D:10     | Found a staircase to the Orcish Mines.
 14754 | D:11     | Noticed a manticore
 14763 | D:11     | Killed a manticore
 14844 | D:11     | Noticed a centaur warrior
 14858 | D:11     | Killed a centaur warrior
 15029 | D:11     | Noticed a boulder beetle
 15041 | D:11     | Killed a boulder beetle
 15042 | D:11     | Reached XP level 11. HP: 97/100 MP: 9/20
 15975 | Lair:1   | Entered Level 1 of the Lair of Beasts
 16387 | Lair:1   | Noticed an oklob plant
 16436 | Lair:1   | Found a dark tunnel.
 17298 | Lair:1   | Reached skill level 5 in Armour
 17298 | Lair:1   | Reached skill level 5 in Evocations
 17959 | Lair:1   | Killed an oklob plant
 18487 | Lair:2   | Found a staircase to the Shoals.
 18509 | Lair:2   | Reached XP level 12. HP: 75/112 MP: 3/24
 18773 | Lair:2   | Found a staircase to the Snake Pit.
 19446 | Lair:2   | Noticed Amaemon
 19473 | Lair:2   | Killed Amaemon
 19758 | Lair:2   | Reached skill level 10 in Fire Magic
 20462 | Lair:3   | Reached skill level 11 in Fire Magic
 20637 | Lair:3   | Noticed a five-headed hydra
 20643 | Lair:3   | Learned a level 3 spell: Ozocubu's Armour
 20679 | Lair:3   | Reached skill level 1 in Ice Magic
 21182 | Lair:3   | Reached skill level 12 in Fire Magic
 21590 | Lair:3   | Found a snail-covered altar of Cheibriados.
 21790 | Lair:3   | Reached skill level 13 in Fire Magic
 22236 | Lair:3   | Killed a five-headed hydra
 22751 | Lair:4   | Reached skill level 14 in Fire Magic
 22845 | Lair:4   | Noticed a death yak
 22846 | Lair:4   | Noticed a death yak
 22868 | Lair:4   | Killed a death yak
 22872 | Lair:4   | Killed a death yak
 22873 | Lair:4   | Reached XP level 13. HP: 101/116 MP: 2/23
 23483 | Lair:4   | Reached skill level 15 in Fire Magic
 23685 | Lair:4   | Found a viscous altar of Jiyva.
 23685 | Lair:4   | Found a staircase to the Slime Pits.
 24460 | Lair:4   | Reached skill level 16 in Fire Magic
 25183 | Lair:5   | Entered Level 5 of the Lair of Beasts
 25457 | Lair:5   | Reached skill level 17 in Fire Magic
 26092 | Lair:5   | Identified the +3 chain mail of Circular Logic {rF- rN++
                  | Regen+ Stlth+}
 26572 | Lair:5   | Reached skill level 18 in Fire Magic
 27606 | Orc:1    | Entered Level 1 of the Orcish Mines
 27725 | D:10     | Learned a level 3 spell: Stone Arrow
 27862 | Orc:2    | Entered Level 2 of the Orcish Mines
 27867 | Orc:1    | Reached skill level 1 in Earth Magic
 28026 | Orc:2    | Reached XP level 14. HP: 124/124 MP: 13/24
 28482 | Orc:2    | Found Jockosef's Magic Scroll Shoppe.
 28685 | Orc:2    | Bought a scroll of acquirement for 780 gold pieces
 28685 | Orc:2    | Acquired the +5 pair of boots of Fedhas's Envy {rCorr
                  | Str+4}
 29308 | Orc:2    | Noticed Jorgrun
 29316 | Orc:2    | Killed Jorgrun
 30335 | Orc:2    | Reached skill level 19 in Fire Magic
 30381 | Orc:2    | Found Gillorer's Antique Armour Emporium.
 30381 | Orc:2    | Found a staircase to the Elven Halls.
 30389 | Orc:2    | Bought a bloodstained cloak for 218 gold pieces
 30389 | Orc:2    | Identified the +0 cloak "Susmol" {Dex+2} (You bought it in
                  | a shop on level 2 of the Orcish Mines)
 32513 | Orc:2    | Found Weomimit's Antique Weapon Boutique.
 32690 | Orc:2    | Found Oreas's Antique Weapon Boutique.
 32691 | Orc:2    | Found Anerr's Armour Boutique.
 32691 | Orc:2    | Found Eropeu's Armour Shop.
 32692 | Orc:2    | Found Hocovivo's Magic Scroll Boutique.
 32698 | Orc:2    | Bought a scroll of blinking for 97 gold pieces
 33215 | D:12     | Reached skill level 10 in Fighting
 33561 | D:12     | Found Ycac's Distillery.
 33831 | D:13     | Reached skill level 5 in Spellcasting
 35311 | D:13     | Reached skill level 1 in Shields
 35812 | D:13     | Identified the +9 mace "Vesun" {drain, Dex+4}
 35812 | D:13     | Identified the +0 robe of Xitufoz {rC+ rN+ Will+ Slay-6}
 36828 | D:12     | Identified the cursed +0 short sword of Ouranomancy {elec,
                  | Elem, Comp} (You took it off a kobold on level 3 of the
                  | Dungeon)
 36828 | D:12     | Identified the cursed +0 cloak "Stellar Stickiness" {Self,
                  | Fort} (You found it on level 11 of the Dungeon)
 36828 | D:12     | Identified the cursed +2 helmet "Ordeal of Ashenzari"
                  | {Sorc, Fort} (You found it on level 4 of the Dungeon)
 36828 | D:12     | Identified the cursed +0 pair of gloves of Cremastomancy
                  | {Self, Elem} (You found it on level 8 of the Dungeon)
 36828 | D:12     | Identified the cursed +0 buckler of Panopticon {Dev, Sorc}
                  | (You found it on level 4 of the Lair of Beasts)
 36828 | D:12     | Identified the cursed ring of the Lashed Trepidation {rN+,
                  | Fort, Melee} (You found it on level 5 of the Dungeon)
 37931 | D:13     | Reached XP level 15. HP: 138/138 MP: 12/28
 38416 | D:14     | Noticed Agnes
 38514 | D:13     | Reached ***** piety under Ashenzari
 39009 | D:14     | Killed Agnes
 39178 | D:14     | Found a gate to the Vaults.
 40151 | D:15     | Entered Level 15 of the Dungeon
 40470 | D:15     | Reached skill level 10 in Armour
 40805 | D:15     | Found a staircase to the Depths.
 40911 | D:15     | Noticed Josephine
 40947 | D:15     | Killed Josephine
 41864 | D:15     | Found a sparkling altar of Nemelex Xobeh.
 42184 | D:15     | Noticed Kirke
 42193 | D:15     | Killed Kirke
 42194 | D:15     | Reached skill level 1 in Summonings
 43434 | D:15     | Found a staircase to the Depths.
 43651 | D:15     | Found a sparkling altar of Nemelex Xobeh.
 44223 | D:8      | Bought the Spellbook of Modern Magic, Vol. 20 for 288 gold
                  | pieces
 44232 | D:8      | Learned a level 8 spell: Ignition
 44335 | Shoals:1 | Entered Level 1 of the Shoals
 44335 | Shoals:1 | Identified the +0 leather armour "Ijoing" {rF+ Dex+5}
 45815 | Shoals:1 | Found Vyusadel's CLEARANCE SALE!.
 45823 | Shoals:1 | Bought a +2 buckler of protection for 86 gold pieces
 46265 | Shoals:1 | Noticed Louise
 46283 | Shoals:1 | Reached XP level 16. HP: 131/149 MP: 19/30
 46837 | Shoals:1 | Killed Louise
 47383 | Shoals:1 | Reached skill level 1 in Polearms
 48350 | Shoals:2 | Reached skill level 5 in Summonings
 48577 | Shoals:2 | Found Utwez's Island Escapes.
 49506 | Shoals:2 | Noticed a kraken
 49651 | Shoals:2 | Killed a kraken
 49812 | Shoals:2 | Reached skill level 20 in Fire Magic
 50511 | Shoals:3 | Found a runed translucent door.
 50516 | Shoals:3 | Noticed Zays's ghost (adept GrEE)
 52046 | Shoals:4 | Entered Level 4 of the Shoals
 52434 | Shoals:4 | Found Siogyhom's Jewellery Boutique.
 52444 | Shoals:4 | Found a flickering gateway to a bazaar.
 52469 | Bazaar   | Entered a bazaar
 52469 | Bazaar   | Found Lyorapomne's General Store.
 52469 | Bazaar   | Found Zoam Qigu's Assorted Antiques.
 52469 | Bazaar   | Found Kogiz's Distillery.
 52542 | Bazaar   | Found Roecvuic's Book Shoppe.
 52553 | Bazaar   | Bought a scroll of butterflies for 88 gold pieces
 52559 | Bazaar   | Bought a potion of heal wounds for 30 gold pieces
 52559 | Bazaar   | Bought a potion of curing for 18 gold pieces
 52559 | Bazaar   | Bought a potion of curing for 18 gold pieces
 52559 | Bazaar   | Bought a potion of might for 24 gold pieces
 52559 | Bazaar   | Bought a potion of heal wounds for 30 gold pieces
 52699 | Shoals:4 | Identified the +4 trident "Peush" {antimagic, rPois Str+5
                  | Int+2 Dex-5}
 54320 | Shoals:4 | Identified the ring of Botz {+Blink Dex+6 SInv}
 54574 | Shoals:4 | Noticed Ilsuiw
 54688 | Shoals:4 | Reached XP level 17. HP: 122/156 MP: 15/32
 54889 | Shoals:4 | Reached skill level 21 in Fire Magic
 55171 | Shoals:4 | Killed Ilsuiw
 55383 | Shoals:4 | Noticed a kraken
 56284 | Shoals:4 | Killed a kraken
 56524 | Shoals:4 | Found Volufil's Weapon Shoppe.
 56526 | Shoals:4 | Found Ecku Yka's General Store.
 56547 | Shoals:4 | Got a barnacled rune of Zot
 56557 | Shoals:4 | Found Wiust's Magic Scroll Shoppe.
 57042 | Snake:1  | Entered Level 1 of the Snake Pit
 57376 | Snake:1  | Reached skill level 10 in Summonings
 58815 | Snake:1  | Learned a level 6 spell: Summon Cactus Giant
 59722 | Snake:1  | Found a radiant altar of Vehumet.
 60810 | D:7      | Killed smashvw's ghost
 63275 | Snake:2  | Upgraded the game from 0.32-a0-818-gb728d0252e to
                  | 0.32-a0-834-geaf45d8e21
 63538 | Snake:3  | Identified the +4 ring mail of Exclusion {Str+2 Int+3}
 63554 | Snake:3  | Reached XP level 18. HP: 130/167 MP: 11/34
 63878 | Snake:3  | Found Xafaetua's Jewellery Shoppe.
 63879 | Snake:3  | Found Plog's Magic Scroll Boutique.
 63991 | Snake:3  | Found Onwit's General Store.
 63999 | Snake:3  | Bought a condenser vane for 480 gold pieces
 64771 | Snake:4  | Entered Level 4 of the Snake Pit
 65107 | Snake:4  | Identified the serpent talisman of Zuoleta {rF+++ rCorr
                  | Int-5 Dex-3}
 65107 | Snake:4  | Noticed Aizul
 65117 | Snake:4  | Killed Aizul
 65397 | Snake:4  | Noticed Saint Roka
 65419 | Snake:4  | Killed Saint Roka
 65766 | Snake:4  | Noticed 910rd's ghost (adept DrWn)
 65767 | Snake:4  | Found a transporter.
 66159 | Snake:4  | Reached skill level 10 in Evocations
 66247 | Snake:4  | Learned a level 4 spell: Animate Armour
 66672 | Snake:4  | Found a transporter.
 67035 | Snake:4  | Noticed Vashnia
 67359 | Snake:4  | Killed Vashnia
 68854 | Snake:4  | Reached skill level 5 in Shields
 69085 | Snake:4  | Got a serpentine rune of Zot
 69372 | Elf:1    | Entered Level 1 of the Elven Halls
 71249 | Elf:2    | Paralysed by an air elemental for 1 turns
 71384 | Elf:2    | Paralysed by an air elemental for 1 turns
 71654 | Elf:2    | Found Roxyihee's Assorted Antiques.
 71654 | Elf:2    | Paralysed by an air elemental for 1 turns
 72236 | Elf:2    | Reached XP level 19. HP: 141/179 MP: 0/36
 72979 | Elf:2    | Found a runed translucent gate.
 72979 | Elf:2    | Found a runed translucent gate.
 72979 | Elf:2    | Found a runed translucent gate.
 73029 | Elf:3    | Entered Level 3 of the Elven Halls
 73672 | Elf:3    | Noticed Norris
 73676 | Elf:3    | Killed Norris
 73677 | Elf:3    | Reached skill level 10 in Shields
 73804 | Elf:3    | Noticed Bai Suzhen
 73819 | Elf:3    | Killed Bai Suzhen
 74739 | Elf:3    | Found Vyag's General Store.
 74741 | Elf:3    | Found Aciont's Jewellery Boutique.
 74744 | Elf:3    | Found Mubboukk's Jewellery Shop.
 74750 | Elf:3    | Bought an amulet of magic regeneration for 480 gold pieces
 75464 | Elf:3    | Identified the +0 chain mail "Saicysch" {Rampage rElec rC-
                  | Will-}
 75687 | Elf:3    | Identified the staff "Onaklo Kuty" {rF+ Earth}
 75703 | Elf:3    | Identified the amulet "Sirer" {Faith Rampage rElec}
 75862 | Elf:3    | Identified the +10 broad axe of Cobwebs {heavy, rElec rF+}
 75862 | Elf:3    | Identified the amulet of Ubbif {rElec Regen+ RegenMP+
                  | Str-4}
 76295 | Elf:3    | Identified the Catalogue of Shivering Toxicants
 76295 | Elf:3    | Identified the staff "Yptom" {rElec Str+8 Int-2 Tloc Ice
                  | Air}
 76358 | Elf:3    | Identified the staff of Valiance {rC+ Dex+4 Ice}
 76361 | Elf:3    | Identified the +11 whip of Puheomyst {pain, ^Fragile rCorr
                  | Str+9 Dex-3}
 76666 | Vaults:1 | Entered Level 1 of the Vaults
 77433 | Vaults:1 | Reached XP level 20. HP: 191/191 MP: 8/38
 77736 | Vaults:1 | Reached skill level 15 in Fighting
 78203 | Vaults:1 | Reached skill level 5 in Earth Magic
 79740 | Vaults:2 | Found a staircase to the Crypt.
 80254 | Vaults:2 | Found Geom Puoju's Book Shoppe.
 80828 | Vaults:3 | Identified the +3 robe "Kalac" {Slay+2}
 80828 | Vaults:3 | Noticed Boris
 80839 | Vaults:3 | Killed Boris
 80840 | Vaults:3 | Reached skill level 10 in Earth Magic
 81677 | Vaults:3 | Reached XP level 21. HP: 182/203 MP: 5/39
 81846 | Vaults:3 | Reached skill level 10 in Conjurations
 81853 | Vaults:3 | Learned a level 6 spell: Permafrost Eruption
 82474 | Vaults:4 | Reached skill level 5 in Ice Magic
 82886 | Vaults:4 | Identified the +4 robe of Bautak {Str+5 Stlth-}
 82886 | Vaults:4 | Noticed Boris
 82916 | Vaults:4 | Killed Boris
 83343 | Vaults:4 | Found Gimoq's Assorted Antiques.
 83736 | Vaults:4 | Identified the +9 ring mail of an ice cave {Harm Stlth+}
 83747 | Vaults:4 | Found Pobluman's Magic Scroll Shop.
 83805 | Vaults:4 | Learned a level 7 spell: Spellforged Servitor
 84045 | Vaults:5 | Entered Level 5 of the Vaults
 84047 | Vaults:5 | Reached skill level 10 in Spellcasting
 84315 | Vaults:4 | Found the +3 giant club "Skullcrusher" {speed, Str+7}
 84405 | Vaults:5 | Noticed a dread lich
 84405 | Vaults:5 | Noticed a dread lich
 84522 | Vaults:4 | Killed a dread lich
 84524 | Vaults:4 | Paralysed by a dread lich for 4 turns
 84525 | Vaults:4 | Killed a dread lich
 84533 | Vaults:4 | Gained mutation: You are occasionally teleported next to
                  | monsters. [mutagenic glow]
 84535 | Vaults:4 | Lost mutation: You are occasionally teleported next to
                  | monsters. [potion of mutation]
 84535 | Vaults:4 | Gained mutation: Your spells are a little easier to cast,
                  | but a little less powerful. [potion of mutation]
 84535 | Vaults:4 | Gained mutation: You occasionally shout uncontrollably at
                  | your foes. [potion of mutation]
 84535 | Vaults:4 | Gained mutation: Your mind is acute. (Int +4, Str/Dex -1)
                  | [potion of mutation]
 84872 | Depths:1 | Entered Level 1 of the Depths
 84898 | Depths:1 | Found a glowing silver altar of Zin.
 85545 | Depths:1 | Found a one-way gateway to a ziggurat.
 85860 | Depths:1 | Found a gateway to Hell.
 86415 | Depths:1 | Found a portal to a secret trove of treasure.
 86769 | Slime:1  | Entered Level 1 of the Pits of Slime
 86861 | Lair:4   | Identified the cursed +2 kite shield "Restrained Secrets"
                  | {reflect, Self, Melee} (You took it off a naga warrior on
                  | level 3 of the Snake Pit)
 86861 | Lair:4   | Identified the cursed ring "At What Cost Knowledge?" {EV+5,
                  | Sorc, Elem} (You took it off a salamander on level 1 of the
                  | Snake Pit)
 87265 | Slime:2  | Reached XP level 22. HP: 208/211 MP: 24/41
 87295 | Slime:2  | Paralysed by a formless jellyfish for 1 turns
 87297 | Slime:2  | Paralysed by a formless jellyfish for 1 turns
 87301 | Slime:2  | Paralysed by a formless jellyfish for 1 turns
 87313 | Slime:2  | Paralysed by a formless jellyfish for 1 turns
 87644 | Slime:2  | Found a viscous altar of Jiyva.
 87828 | Slime:3  | Gained mutation: You are clumsy. (Dex -2) [a shining eye]
 88568 | Vaults:2 | Bought a book of Movement for 450 gold pieces
 88575 | Vaults:2 | Learned a level 6 spell: Bombard
 89356 | Slime:4  | Gained mutation: Your spells are easier to cast, but less
                  | powerful. [a shining eye]
 89368 | Slime:4  | Paralysed by a formless jellyfish for 1 turns
 89453 | Slime:4  | Gained mutation: You are vulnerable to cold. (rC-) [a
                  | shining eye]
 89628 | Slime:3  | Lost mutation: You are vulnerable to cold. (rC-) [potion of
                  | mutation]
 89628 | Slime:3  | Lost mutation: You are clumsy. (Dex -2) [potion of
                  | mutation]
 89628 | Slime:3  | Gained mutation: You frequently scream uncontrollably at
                  | your foes. [potion of mutation]
 89628 | Slime:3  | Gained mutation: You are partially covered in iridescent
                  | scales. (AC +2) [potion of mutation]
 89636 | Slime:4  | Paralysed by a formless jellyfish for 1 turns
 90301 | Slime:5  | Entered Level 5 of the Pits of Slime
 90566 | Slime:5  | Noticed Dissolution
 90576 | Slime:5  | Killed Dissolution
 90728 | Slime:5  | Noticed the Royal Jelly
 90941 | Slime:5  | Killed the Royal Jelly
 91045 | Slime:5  | Identified Nourch's Book of the Whammy
 91046 | Slime:5  | Identified the +5 plate armour "Xedou" {Rampage +Blink
                  | rPois rC-}
 91046 | Slime:5  | Identified the +11 flail of Extremism {heavy, +Blink rC-
                  | Int+5}
 91046 | Slime:5  | Identified the +6 chain mail of the True Pharaoh {rElec
                  | rCorr}
 91047 | Slime:5  | Identified the amulet of Vanity {Faith Rampage rF+}
 91049 | Slime:5  | Identified the +11 trident of the King {holy, Dex+4}
 91049 | Slime:5  | Identified the +8 war axe of Ulita {spect, rF++ Will++
                  | Dex-5}
 91076 | Slime:5  | Got a slimy rune of Zot
 91564 | Depths:1 | You showed the slimy rune of Zot to enter a treasure trove
 91565 | Trove    | Entered a treasure trove
 91581 | Trove    | Identified Sif Muna's Tome of Mustered Embers
 91607 | Trove    | Identified the ring of the Skiapode {MP+9 Stlth+}
 91608 | Trove    | Identified the ring "Miwexu Yzasi" {+Blink rElec rF+ rC-
                  | Int+4}
 91687 | Depths:1 | Reached skill level 1 in Staves
 91687 | Depths:1 | Reached XP level 23. HP: 222/222 MP: 42/42
 91688 | Depths:1 | Reached skill level 15 in Summonings
 91688 | Depths:1 | Reached XP level 24. HP: 231/231 MP: 42/42
 93201 | Depths:2 | Found a one-way gate to the infinite horrors of the Abyss.
 93847 | Depths:2 | Found a one-way gate leading to the halls of Pandemonium.
 93895 | Depths:2 | Acquired 718 gold pieces
 95227 | Elf:3    | Bought the ring of Generosity {rPois rF+ Int+2} for 686
                  | gold pieces
 95725 | Depths:2 | Noticed Vv
 95742 | Depths:2 | Killed Vv
 95956 | Depths:2 | Reached XP level 25. HP: 229/235 MP: 31/42
 96228 | Depths:2 | Identified the +6 spear of Prudence {drain, *Noise Int+6
                  | SInv}
 96425 | Depths:2 | Identified Sif Muna's Folio of the Unfortunate Wayfarer
 97779 | Depths:3 | Reached skill level 15 in Conjurations
 97906 | Depths:3 | Found a shimmering blue altar of Sif Muna.
 98022 | Depths:4 | Entered Level 4 of the Depths
 98042 | Depths:4 | Identified the orb "Ylihafuwno" {light, rF+ Str+2}
 98042 | Depths:4 | Noticed Frederick
 98056 | Depths:4 | Killed Frederick
 98203 | Depths:4 | Noticed Grunn
 98205 | Depths:4 | Noticed Parghit
 98549 | Depths:4 | Killed Grunn
 98983 | Depths:4 | Killed Parghit
 99482 | Depths:4 | Found Taqehaen's Distillery.
 99777 | Depths:4 | Found a gate to the Realm of Zot.
100343 | Vaults:5 | Noticed Margery
100412 | Vaults:5 | Noticed an ancient lich
100732 | Zot:1    | Entered Level 1 of the Realm of Zot
100807 | Zot:1    | Reached skill level 15 in Evocations
101299 | Zot:1    | Identified the +8 falchion of the Whale {spect, rC++ Int-5}
101322 | Zot:1    | Reached skill level 15 in Armour
101340 | Zot:1    | Reached XP level 26. HP: 179/244 MP: 1/42
102588 | Zot:2    | Gained mutation: Your health recovers twice as slowly from
                  | being drained. [mutagenic glow]
104170 | Zot:2    | Learned a level 9 spell: Fire Storm
104745 | Zot:3    | Identified the amulet "Muerhees" {Spirit rC- Slay+6}
104860 | Zot:3    | Reached skill level 5 in Staves
105077 | Zot:3    | Identified the +2 short sword "Secret Weapon" {flame, Dex+4
                  | Stlth-}
106060 | Zot:4    | Noticed an orb of fire
106074 | Zot:4    | Killed an orb of fire
107068 | Zot:5    | Entered Level 5 of the Realm of Zot
107299 | Zot:5    | Reached XP level 27. HP: 190/249 MP: 5/43
107899 | Zot:5    | Noticed an ancient lich
108432 | Zot:5    | Noticed an orb of fire
108434 | Zot:5    | Gained mutation: Armour fits poorly on your strangely
                  | shaped body. [an orb of fire]
108438 | Zot:5    | Killed an orb of fire
108702 | Zot:5    | Killed an ancient lich
109166 | Zot:5    | Noticed a dread lich
109175 | Zot:5    | Killed a dread lich
109176 | Zot:5    | Reached skill level 22 in Fire Magic
109305 | Zot:5    | Noticed an orb of fire
109313 | Zot:5    | Killed an orb of fire
109537 | Zot:5    | Learned a level 2 spell: Blink
109590 | Zot:5    | Noticed a dread lich
109598 | Zot:5    | Killed a dread lich
109646 | Zot:5    | Noticed an orb of fire
109654 | Zot:5    | Killed an orb of fire
109788 | Zot:5    | Noticed an ancient lich
109794 | Zot:5    | Killed an ancient lich
110518 | Zot:5    | Noticed an ancient lich
110530 | Zot:5    | Killed an ancient lich
110891 | Zot:5    | Got the Orb of Zot
111210 | Depths:2 | Noticed Dovely the pandemonium lord
111217 | Depths:2 | Killed Dovely the pandemonium lord
111528 | D:6      | Reached skill level 5 in Dodging
111668 | D:$      | Escaped with the Orb!

Illustrated notes

Levels and vault maps discovered:
D:1:      nicolae_arrival_kraken_aquarium_b, layout_rooms,
          hellmonk_ecumenical_altar_leap_of_faith, serial_bayou,
          serial_bayou_pond_c, serial_bayou_lagoon_a, serial_bayou_crossing,
          serial_bayou_shore_a
D:2:      layout_basic, basic_altar, lightli_corner_chamber, uniq_sigmund,
          uniq_terence
D:3:      layout_basic, portal_sewer_entry_d, chequers_serial_rivers_large_b,
          uniq_grinder, uniq_ijyb
D:4:      layout_layer_cave
D:5:      layout_cave_pods, nicolae_wu_jian_wuxing_cycle, uniq_pikel,
          uniq_menkaure
D:6:      layout_basic, good_gods_mini_temple, minmay_temple_entry_wispy,
          serial_library_hellmonk_octagon, uniq_prince_ribbit1
D:7:      layout_gridville, yredelemnul_altar_generic, serial_shops, shop, shop,
          nicolae_shop_temple_entry_statues_fountains,
          nicolae_shop_gibbet_a_chance, nzn_ghost_randoct
D:8:      layout_basic, gammafunk_temple_overflow_wave, lair_entry_dummy,
          nicolae_custom_books
D:9:      lemuel_flame_loot_2, layout_gridville, minivault_1
D:10:     layout_small_grid, orc_0_dummy
D:11:     layout_gridville
D:12:     layout_roguey, serial_shops, shop
D:13:     minmay_expanding_squares, layout_small_grid,
          portal_ice_cave_entry_ice_simulacra
D:14:     layout_gridville, hellmonk_vaults_order_and_chaos, uniq_agnes
D:15:     grunt_enter_depths_giant_problem, layout_stronghold,
          serial_column_ruins, column_ruins_hut_ruined,
          column_ruins_columns_straight, column_ruins_columns_straight,
          column_ruins_open_tiny, column_ruins_columns_corner,
          column_ruins_open_tiny, nemelex_lonely_heart_becter, uniq_kirke,
          uniq_josephine
Temple:   minmay_freezing_vapour_temple
Lair:1:   minmay_lair_oklob_chamber, layout_gridlike,
          lightli_volcano_entry_magma_tube
Lair:2:   layout_cave_pods, minmay_shoals_entry_centaurs,
          guppyfry_snake_entry_garden, uniq_amaemon
Lair:3:   layout_regular_city, basic_altar, nicolae_lair_lindhole
Lair:4:   layout_cave_pods, minmay_slime_entry_pillars
Lair:5:   hellmonk_lair_end_abyssal_woods, layout_regular_city,
          chequers_serial_rivers_micro_b, chequers_serial_rivers_small_a,
          st_stairs_5
Shoals:1: layout_shoals, nicolae_shop_clearance, uniq_louise
Shoals:2: layout_shoals, nicolae_island_escapes
Shoals:3: layout_shoals, ebering_ghost_inner_flame,
          nicolae_shoals_goliath_grotto
Shoals:4: shoals_end_grunt_garden, layout_shoals, shoals_ilsuiw_alternative,
          serial_shops, bzr_entry_safe, shop, shop, shop, nicolae_shop_peninsula
Snake:1:  nicolae_snake_nest, layout_concentric_octagons, basic_altar,
          st_stairs_6, nicolae_snake_mages_go_home
Snake:2:  layout_grid_maze, grunt_megastairs_2
Snake:3:  layout_basic, nicolae_snake_serpentine_bazaar
Snake:4:  johnstein_snake_rune_scales, layout_chambers, gammafunk_ghost_arena,
          uniq_saint_roka, uniq_aizul
Slime:1:  layout_caves
Slime:2:  layout_caves, basic_altar
Slime:3:  nicolae_slime_jelly_donut, layout_caves
Slime:4:  layout_caves, nicolae_slime_crime_time
Slime:5:  slime_pit, uniq_dissolution
Orc:1:    layout_diamond_mine, mines2_david
Orc:2:    st_orc_pillars, layout_diamond_mine, serial_shops, shop, shop,
          nicolae_shop_hallway_stairs, uniq_jorgrun
Elf:1:    layout_geoelf_diagonals, minmay_elf_crystal_hexagon
Elf:2:    nicolae_elf_blades_splatter_lattice [mumra_blade_entry_dagger],
          layout_geoelf_grid, serial_shops, shop, minmay_curled_crystal,
          nicolae_elf_variegated_diamond
Elf:3:    minmay_elf_hall_spiked, layout_gridlike, minmay_shop_star,
          uniq_bai_suzhen, uniq_norris
Vaults:1: grunt_vaults_funnel, nicolae_vaults_what_the_h, vaults_mumra_chevron,
          vaults_room_corners, nicolae_vaults_whirlpool_walls,
          layout_vaults_omnigrid
Vaults:2: minmay_crypt_entry_simple_walls, vaults_dpeg_emergency_exit,
          nicolae_vaults_offset_grid_hallway_3,
          nicolae_vaults_storage_closets_1, ontoclasm_vaults_fault,
          nicolae_vaults_network_s, nicolae_vaults_corridor_and_loot_room,
          ontoclasm_vaults_bender, nicolae_vaults_closet_pinwheel_4,
          hangedman_vaults_slice, vaults_mumra_hexcomb,
          serial_library_hellmonk_semicircle, hangedman_vaults_locks,
          nicolae_vaults_asterisk, layout_vaults_ring, serial_shops,
          nicolae_shop_peninsula
Vaults:3: nicolae_vaults_ellipses_ellipsis, hangedman_vaults_stitches,
          dpeg_vaults_monster_box, nicolae_vaults_angled_halls,
          vaults_dpeg_ring, nicolae_vaults_trapezoid_3,
          ontoclasm_vaults_ring_small, v_pattern_1,
          nicolae_vaults_closet_pinwheel_1, nicolae_vaults_network_quinsquares
          [nicolae_vaults_network_quincunx_subvault,
          nicolae_vaults_network_quincunx_subvault,
          nicolae_vaults_network_quincunx_subvault,
          nicolae_vaults_network_quincunx_subvault], vaults_dpeg_cross,
          layout_vaults_omnicross, uniq_boris
Vaults:4: nicolae_vaults_sesquioval_fish, v_misc_33,
          nicolae_vaults_trapezoid_lopsided_2, nicolae_vaults_triangles,
          nicolae_vaults_closet_pinwheel_3, v_misc_31,
          nicolae_vaults_sesquioval_fish, nicolae_vaults_little_squares_5,
          nicolae_vaults_trapezoid_lopsided_3, v_misc_17,
          nicolae_vaults_tetromino_L_1, nicolae_vaults_diagonal_hallway_6,
          nicolae_vaults_trapezoid_lopsided_2, nicolae_vaults_tetromino_T_1,
          nicolae_vaults_tetromino_Z_1, layout_vaults_maze, serial_shops,
          nicolae_shop_statue_plus, shop
Vaults:5: uniq_mennas, uniq_margery
Depths:1: layout_forbidden_donut, enter_ziggurat_a, hangedman_tar_grid_catacomb,
          minmay_misc_feat_roman, enter_trove_6, grunt_decor_clamped,
          zin_treasury, serial_bayou_shore_b, grunt_megastairs_1
Depths:2: kennysheep_large_vault, layout_basic, grunt_hell_entry_dis_mu,
          abyss_entry, pan_entry, uniq_vv
Depths:3: minmay_sliced_demisemicircle, layout_cave_shapes, hellmouth_1,
          pan_entry, led_sif_pool, abyss_entry, nrook_mini_backslash,
          nicolae_twisty_statue_hallways, serial_bayou_shore_b,
          minmay_staircase_windowed_large
Depths:4: grunt_zot_entry_pinwheel, layout_cave_pools, hell_entry, serial_shops,
          shop, grunt_decor_resistance, chequers_serial_rivers_marsh,
          uniq_frederick, uniq_grunn, uniq_parghit
Zot:1:    layout_basic, regret_index_zotdec_twisting_globes
Zot:2:    layout_gridlike
Zot:3:    minmay_elemental_castle, layout_cellular_growth
Zot:4:    layout_basic, regret_index_zotdec_onion_hex
Zot:5:    layout_gridlike

Skill      XL: |  1  2  3  4  5  6  7  8  9 10 11 12 13 14 15 16 17 18 19 20 21 22 23 24 25 26 27 |
---------------+----------------------------------------------------------------------------------+-----
Conjurations   | 1 2 3 4 6 7 9 10 13 16 17 20 | 20.3
Alchemy        | 3 4 5 7 9 |  9.1
Air Magic      | 1 2 3 |  3.0
Spellcasting   | 2 3 4 6 7 8 9 10 11 | 11.0
Fire Magic     | 1 4 7 9 14 18 19 20 21 22 | 22.4
Fighting       | 2 3 6 7 8 11 12 14 15 16 17 18 | 18.2
Stealth        | 2 3 |  3.0
Evocations     | 1 2 4 5 6 8 10 12 13 16 19 | 19.6
Armour         | 3 6 7 12 13 15 18 | 18.0
Ice Magic      | 1 2 9 |  9.0
Earth Magic    | 2 11 12 | 12.0
Dodging        | 4 5 |  5.4
Shields        | 1 2 9 12 13 14 | 14.9
Summonings     | 4 7 12 13 14 15 | 15.0
Polearms       | 2 |  2.5
Staves         | 1 3 5 |  5.6
Short Blades   | |  0.3

Action                     |  1- 3 |  4- 6 |  7- 9 | 10-12 | 13-15 | 16-18 | 19-21 | 22-24 | 25-27 || total
---------------------------+-------+-------+-------+-------+-------+-------+-------+-------+-------++-------
  Melee: Unarmed           |     5 |       |       |       |       |       |       |       |       ||     5
         Dagger            |     4 |       |       |       |       |       |       |       |       ||     4
         Short sword       |    16 |    22 |    86 |   152 |   171 |   237 |    81 |       |       ||   765
         Staff             |       |       |       |       |       |       |     2 |    51 |   187 ||   240
  Throw: Dart              |       |       |       |       |     6 |     2 |     1 |       |       ||     9
   Cast: Sting             |    58 |    88 |   249 |   242 |    46 |    12 |       |       |       ||   695
         Mephitic Cloud    |       |       |    15 |    27 |    63 |     6 |     1 |       |       ||   112
         Sticky Flame      |       |       |    16 |    32 |    56 |    27 |       |       |       ||   131
         Scorch            |       |       |    17 |    44 |    62 |    22 |       |       |       ||   145
         Olgreb's Toxic Ra |       |       |     2 |    76 |   318 |   118 |     6 |     2 |       ||   522
         Irradiate         |       |       |       |     2 |    51 |    55 |    27 |    37 |    46 ||   218
         Ozocubu's Armour  |       |       |       |     2 |    18 |     3 |       |       |       ||    23
         Stone Arrow       |       |       |       |       |    87 |    52 |     5 |       |       ||   144
         Ignition          |       |       |       |       |    16 |   195 |   218 |    84 |   132 ||   645
         Summon Cactus Gia |       |       |       |       |       |   121 |    84 |    24 |    16 ||   245
         Animate Armour    |       |       |       |       |       |    42 |    91 |    31 |   118 ||   282
         Permafrost Erupti |       |       |       |       |       |       |    44 |    76 |   223 ||   343
         Spellforged Servi |       |       |       |       |       |       |     5 |    16 |   114 ||   135
         Bombard           |       |       |       |       |       |       |       |    35 |    86 ||   121
         Blink             |       |       |       |       |       |       |       |       |     2 ||     2
         Fire Storm        |       |       |       |       |       |       |       |       |     1 ||     1
 Invoke: Curse Item        |     2 |     1 |     3 |     3 |     3 |       |     3 |       |     1 ||    16
         Shatter the Chain |       |     1 |       |     2 |     2 |       |     2 |     1 |       ||     8
  Evoke: Wand              |       |     4 |     1 |     2 |    16 |     8 |     1 |       |    11 ||    43
         Phantom mirror    |       |       |       |       |       |     1 |     1 |     1 |       ||     3
         Box of beasts     |       |       |       |       |       |       |       |     1 |     1 ||     2
         Phial of floods   |       |       |       |       |       |       |       |       |     1 ||     1
         Lightning rod     |       |       |       |       |       |       |       |       |     2 ||     2
    Use: Scroll            |       |     1 |     1 |     1 |     1 |     1 |     4 |     1 |    10 ||    20
         Potion            |       |       |     3 |       |       |     4 |     1 |     5 |     7 ||    20
   Stab: Confused          |       |       |     6 |     4 |     2 |       |       |       |       ||    12
         Sleeping          |       |       |       |       |     2 |       |       |       |       ||     2
         Distracted        |       |       |       |       |       |       |       |       |     1 ||     1
         Invisible         |       |       |       |       |       |       |       |       |     1 ||     1
 Armour: Robe              |     4 |       |       |       |       |       |       |       |       ||     4
         Ring mail         |    20 |    61 |   177 |   159 |       |       |       |       |       ||   417
         Steam dragon scal |       |       |       |   109 |   237 |       |       |       |       ||   346
         Acid dragon scale |       |       |       |       |    33 |       |       |       |       ||    33
         Skin              |       |       |       |       |     1 |       |       |       |       ||     1
         Plate armour      |       |       |       |       |   192 |   804 |   313 |   253 |   204 ||  1766
         Gold dragon scale |       |       |       |       |       |       |       |       |   730 ||   730
  Dodge: Dodged            |    20 |    47 |   115 |   163 |   227 |   183 |   110 |    66 |   164 ||  1095
  Block: Buckler           |       |       |       |       |   209 |   444 |    32 |       |       ||   685
         Reflection        |       |       |       |       |    25 |    93 |    27 |    18 |    25 ||   188
         Kite shield       |       |       |       |       |       |       |   266 |   200 |   480 ||   946

Table legend: (Time is in decaauts)
 A = Elapsed time spent in this place.
 B = Non-inter-level travel time spent in this place.
 C = Inter-level travel time spent in this place.
 D = Time resting spent in this place.
 E = Time spent auto-exploring this place.
 F = Levels seen in this place.
 G = Mean time per level.
                   A        B        C        D        E       F      G
               +--------+--------+--------+--------+--------+-----+--------+
         Total | 112375 | 102287 |  10088 |  43925 |  40555 |  55 | 2043.2 |
       Dungeon |  30620 |  27010 |   3610 |  10375 |  12611 |  15 | 2041.3 |
        Temple |      1 |      1 |      0 |      0 |      0 |   1 |    1.0 |
          Lair |  13135 |  12019 |   1116 |   5270 |   4923 |   5 | 2627.0 |
        Shoals |  12102 |  11685 |    417 |   7272 |   2918 |   4 | 3025.5 |
     Snake Pit |  10680 |  10305 |    375 |   4133 |   4154 |   4 | 2670.0 |
    Slime Pits |   3760 |   3376 |    384 |   1412 |   1342 |   5 |  752.0 |
  Orcish Mines |   5760 |   5052 |    708 |   2385 |   1554 |   2 | 2880.0 |
   Elven Halls |   7450 |   6807 |    643 |   3224 |   2552 |   3 | 2483.3 |
        Vaults |   9709 |   8633 |   1076 |   3320 |   3502 |   5 | 1941.8 |
        Depths |   8955 |   7664 |   1291 |   2751 |   3318 |   4 | 2238.8 |
           Zot |   9994 |   9530 |    464 |   3782 |   3527 |   5 | 1998.8 |
        Bazaar |     96 |     96 |      0 |      0 |     81 |   1 |   96.0 |
         Trove |    106 |    106 |      0 |      0 |     71 |   1 |  106.0 |
               +--------+--------+--------+--------+--------+-----+--------+

Top non-repeatable levels by time:
   Orc:2: 5285 daAuts
Shoals:3: 4812 daAuts
    D:13: 3903 daAuts
 Snake:4: 3816 daAuts
Depths:2: 3692 daAuts
   Zot:5: 3491 daAuts
    D:15: 3457 daAuts
  Lair:2: 3410 daAuts
   Elf:3: 3407 daAuts
 Snake:1: 3301 daAuts
Vaults:4: 3205 daAuts
    D:14: 3153 daAuts
  Lair:4: 3082 daAuts
Shoals:2: 2726 daAuts
Shoals:1: 2720 daAuts
